 Dungeon Crawl Stone Soup version 0.17.1-3-g152610e (webtiles) character file.

3903 Gargoyl the Covered (level 10, -3/77 HPs)
             Began as a Demonspawn Abyssal Knight on Mar 16, 2016.
             Was an Elder of Lugonu.
             Slain by a death yak (18 damage)
             ... on level 8 of the Dungeon.
             The game lasted 00:17:45 (6599 turns).

Gargoyl the Covered (Demonspawn Abyssal Knight)     Turns: 6599, Time: 00:17:45

Health: -3/77      AC: 18    Str: 16    XL:     10   Next: 0%
Magic:  0/12       EV:  9    Int: 14    God:    Lugonu [****..]
Gold:   78         SH:  0    Dex: 12    Spells: 0 memorised, 9 levels left

rFire  . . .     SeeInvis +     r - +0 battleaxe (vamp)
rCold  . . .     Clarity  .     v - +0 chain mail
rNeg   + . .     SustAt   .     (shield currently unavailable)
rPois  +         Gourm    .     (helmet unavailable)
rElec  .         Spirit   .     x - +0 cloak {rPois}
rCorr  +         Warding  .     (no gloves)
rMut   .         Stasis   .     (no boots)
MR     .....                    b - amulet of resist corrosion
Stlth  ..........               h - +2 ring of protection
                                p - ring of positive energy

@: not resistant to hostile enchantments, extremely unstealthy
A: antennae 3, iridescent scales 1
a: Depart the Abyss, Bend Space, Banish, Corrupt, Renounce Religion


You were on level 8 of the Dungeon.
You worshipped Lugonu.
Lugonu was greatly pleased with you.
You were near starving.

You visited 1 branch of the dungeon, and saw 7 of its levels.
You visited the Abyss 1 time.

You collected 292 gold pieces.
You spent 214 gold pieces at shops.

Inventory:

Hand Weapons
 q - a +2 hand axe of electrocution
 r - a +0 vampiric battleaxe (weapon)
 u - a +0 flail
Missiles
 a - 4 tomahawks (quivered)
Armour
 v - a +0 chain mail (worn)
 x - a +0 cloak of poison resistance (worn)
Jewellery
 b - an amulet of resist corrosion (around neck)
 h - a +2 ring of protection (right hand)
 p - a ring of positive energy (left hand)
Scrolls
 d - 2 scrolls of enchant weapon {unknown}
 f - 5 scrolls of identify
 j - 2 scrolls of magic mapping {unknown}
 k - 3 scrolls of fog {unknown}
 l - a scroll of noise {unknown}
 n - 3 scrolls of remove curse {unknown}
 o - a scroll of enchant armour {unknown}
 t - a scroll of teleportation {unknown}
Potions
 e - a potion of berserk rage
 i - a potion of might
 w - a potion of flight {unknown}
Comestibles
 c - a bread ration
 g - a meat ration


   Skills:
 + Level 6.5 Fighting
 + Level 6.8 Axes
 + Level 7.9 Armour
 + Level 6.2 Dodging
 + Level 1.4 Stealth
 + Level 2.9 Invocations


You had 9 spell levels left.
You didn't know any spells.

Dungeon Overview and Level Annotations

Branches:
Dungeon (8/15)             Temple (0/1) D:6
   Lair: D:8-11

Altars:
Ashenzari
Gozag
Kikubaaqudgha
Sif Muna
Vehumet

Shops:
D:5 =   D:7 (


Innate Abilities, Weirdness & Mutations

You have a pair of large antennae on your head (SInv).
You are partially covered in iridescent scales (AC +4).


Message History

* * * LOW HITPOINT WARNING * * *
Press: ? - help, Shift-Dir - straight line, f/p - death yak
Aim: a death yak (lightly wounded, chance to defeat MR: 8%)
The death yak resists with almost no effort.
You feel somewhat more hungry. The hungry ghost hits you.
You are feeling hungry.
The death yak closely misses you.
Press: ? - help, Shift-Dir - straight line, f/p - death yak
Aim: a death yak (lightly wounded, chance to defeat MR: 8%)
The death yak resists with almost no effort.
You feel somewhat more hungry. The hungry ghost hits you.
You are feeling very hungry.
The death yak gores you.
* * * LOW HITPOINT WARNING * * *
Press: ? - help, Shift-Dir - straight line, f/p - death yak
Aim: a death yak (lightly wounded, chance to defeat MR: 8%)
The death yak resists with almost no effort.
You are near starving!
The hungry ghost barely misses you. The death yak gores you!!
You die...

##########
.........#
.........#
.........#
.........#
......W@.#
........Y#
.........#
.........#
.#########


You could see a death yak and a hungry ghost.

Vanquished Creatures
  A griffon (D:7)
  Sigmund (D:5)
  3 wraiths (D:7)
  A hippogriff (D:7)
  A water moccasin (D:5)
  2 ice beasts
  A black bear (D:6)
  4 ogres
  An orc warrior (D:7)
  3 phantoms
  2 centaurs
  A sky beast (D:7)
  A big kobold (D:7)
  2 giant frogs
  2 scorpions
  4 killer bees (D:7)
  2 wights (D:7)
  3 crimson imps
  8 orc wizards
  5 human zombies (D:7)
  A jelly (D:7)
  Crazy Yiuf (D:7)
  2 orc priests
  2 hounds
  2 human skeletons (D:7)
  2 worker ants
  A hound skeleton (D:6)
  A worker ant zombie (D:7)
  An adder (D:7)
  An ooze (D:1)
  A worm (D:3)
  3 giant geckos
  23 orcs
  2 giant cockroaches
  9 goblins
  10 hobgoblins
  2 quokkas
  6 bats
  9 giant newts
  6 jackals
  16 kobolds
  2 quokka skeletons
  5 rats
156 creatures vanquished.

Vanquished Creatures (others)
  An orc wizard (D:7)
1 creature vanquished.

Grand Total: 157 creatures vanquished

Notes
Turn   | Place    | Note
--------------------------------------------------------------
     0 | Abyss:1  | Gargoyl the Demonspawn Abyssal Knight began the quest for the Orb.
     0 | Abyss:1  | Reached XP level 1. HP: 18/18 MP: 2/2
    70 | Abyss:1  | Noticed a large abomination
   104 | D:1      | Escaped the Abyss
   214 | D:1      | Gained mutation: You are partially covered in iridescent scales (AC +4). [demonic ancestry]
   214 | D:1      | Reached XP level 2. HP: 22/24 MP: 4/4
   220 | D:1      | Reached * piety under Lugonu
   236 | D:1      | Reached skill level 1 in Dodging
   427 | D:1      | Reached XP level 3. HP: 21/29 MP: 5/5
   893 | D:2      | Found a faded altar to an unknown god.
  1393 | D:3      | Reached ** piety under Lugonu
  1410 | D:3      | Reached XP level 4. HP: 26/35 MP: 6/6
  1413 | D:3      | HP: 1/35 [orc/hand axe of electrocution (18)]
  1745 | D:3      | Found a deep blue altar of Sif Muna.
  1945 | D:3      | Reached XP level 5. HP: 32/41 MP: 7/7
  2176 | D:3      | You fall through a shaft for 2 floors!
  2176 | D:5      | Entered Level 5 of the Dungeon
  2178 | D:5      | Found Myxuebbe's Jewellery Shop.
  2207 | D:5      | Noticed an ice beast
  2225 | D:5      | Killed an ice beast
  2225 | D:5      | Reached skill level 1 in Stealth
  2225 | D:5      | Gained mutation: You have a pair of small antennae on your head. [demonic ancestry]
  2225 | D:5      | Reached XP level 6. HP: 40/48 MP: 8/8
  2332 | D:5      | Noticed a centaur
  2339 | D:5      | Killed a centaur
  2339 | D:5      | Reached skill level 4 in Fighting
  2551 | D:5      | Found a shattered altar of Ashenzari.
  2569 | D:5      | Noticed a water moccasin
  2572 | D:5      | Noticed Sigmund
  2590 | D:5      | Killed a water moccasin
  2590 | D:5      | Reached XP level 7. HP: 16/54 MP: 9/9
  2626 | D:5      | Killed Sigmund
  2913 | D:5      | Found an opulent altar of Gozag.
  3100 | D:5      | Noticed a phantom
  3123 | D:5      | Killed a phantom
  3288 | D:5      | Found a radiant altar of Vehumet.
  3836 | D:6      | Reached *** piety under Lugonu
  3942 | D:6      | Reached XP level 8. HP: 57/61 MP: 10/10
  4110 | D:6      | Reached skill level 5 in Axes
  4110 | D:6      | Reached skill level 5 in Armour
  4171 | D:6      | Found a staircase to the Ecumenical Temple.
  4322 | D:7      | Reached skill level 5 in Fighting
  4642 | D:7      | Found Ketuclamm's Antique Weapon Boutique.
  4652 | D:7      | Bought a runed battleaxe for 214 gold pieces
  4735 | D:7      | Reached skill level 6 in Armour
  4771 | D:7      | Reached **** piety under Lugonu
  5027 | D:6      | Gained mutation: You have a pair of antennae on your head. [demonic ancestry]
  5027 | D:6      | Reached XP level 9. HP: 52/68 MP: 11/11
  5036 | D:6      | Reached skill level 5 in Dodging
  5556 | D:7      | Noticed Crazy Yiuf
  5568 | D:7      | Killed Crazy Yiuf
  5908 | D:7      | Reached skill level 7 in Armour
  5917 | D:7      | Noticed a polar bear
  5917 | D:7      | Found a huge runed gate.
  5917 | D:7      | Found a huge runed gate.
  5917 | D:7      | Found a huge runed gate.
  5917 | D:7      | Noticed a polar bear
  5917 | D:7      | Noticed a griffon
  5918 | D:7      | Noticed a polar bear
  5994 | D:7      | Noticed a death yak
  5996 | D:7      | Found a huge runed gate.
  5996 | D:7      | Noticed a polar bear
  5996 | D:7      | Noticed a polar bear
  6339 | D:7      | Found an ancient bone altar of Kikubaaqudgha.
  6356 | D:7      | Reached ***** piety under Lugonu
  6583 | D:7      | Killed a griffon
  6583 | D:7      | Gained mutation: You have a pair of large antennae on your head (SInv). [demonic ancestry]
  6583 | D:7      | Reached XP level 10. HP: 40/77 MP: 12/12
  6599 | D:8      | Slain by a death yak

Action                   |  1- 3 |  4- 6 |  7- 9 | 10-12 || total
-------------------------+-------+-------+-------+-------++-------
Melee: Hand axe          |   135 |    76 |   427 |       ||   638
       Battleaxe         |       |       |    16 |     3 ||    19
Throw: Tomahawk          |       |       |     1 |       ||     1
Invok: Depart the Abyss  |     1 |       |       |       ||     1
       Banish            |       |       |       |     3 ||     3
  Use: Potion            |       |     3 |     8 |     1 ||    12
       Scroll            |       |       |     2 |       ||     2
  Eat: Chunk             |     1 |       |     6 |       ||     7
       Bread ration      |     1 |       |     3 |       ||     4
       Pizza             |       |       |     1 |       ||     1
       Beef jerky        |       |       |     1 |       ||     1
